 Dungeon Crawl Stone Soup version 0.27.0-1-g7a089689b8 (webtiles) character file.

Game seed: 13064685489123438375

588 pkoi the Slasher (level 7, -6/60 HPs)
             Began as a Minotaur Fighter on Aug 11, 2021.
             Was a Believer of Yredelemnul.
             Mangled by a two-headed ogre (10 damage)
             ... on level 5 of the Dungeon.
             The game lasted 00:04:30 (4931 turns).

pkoi the Slasher (Minotaur Fighter)                 Turns: 4931, Time: 00:04:31

Health: -6/60      AC:  8    Str: 22    XL:     7   Next: 15%
Magic:  8/8        EV:  8    Int:  5    God:    Yredelemnul [**....]
Gold:   86         SH: 10    Dex: 10    Spells: 6/6 levels left

rFire    . . .     SeeInvis .   a - +0 long sword (venom)
rCold    . . .     Faith    .   c - +0 kite shield
rNeg     . . .     Spirit   .   b - +0 scale mail
rPois    .         Reflect  .   (helmet restricted)
rElec    .         Harm     .   n - +0 cloak
rCorr    .         Rampage  .   (no gloves)
Will     .....                  (no boots)
Stlth    ..........             (no amulet)
HPRegen  0.20/turn              (no ring)
MPRegen  0.11/turn              (no ring)

@: no status effects
A: horns 2, retaliatory headbutt
a: Renounce Religion, Animate Remains, Recall Undead Slaves, Injury Mirror


You were on level 5 of the Dungeon.
You worshipped Yredelemnul.
Yredelemnul was pleased with you.
You visited 1 branch of the dungeon, and saw 6 of its levels.

You collected 212 gold pieces.
You spent 126 gold pieces at shops.

Inventory:

Hand Weapons
 a - a +0 long sword of venom (weapon)
Armour
 b - a +0 scale mail (worn)
 c - a +0 kite shield (worn)
 n - a +0 cloak (worn)
Jewellery
 f - a ring of ice
Scrolls
 g - 4 scrolls of identify
 h - a scroll of fear
 i - a scroll of immolation
 l - 2 scrolls of teleportation
 m - a scroll of blinking
 p - 2 scrolls of enchant armour {unknown}
 r - a scroll of amnesia
Potions
 d - a potion of might
 e - a potion of invisibility
 j - 2 potions of curing
 k - 3 potions of haste
 o - 2 potions of ambrosia {unknown}
 q - a potion of brilliance {unknown}


   Skills:
 + Level 4.8 Fighting
 * Level 5.2 Long Blades
 + Level 4.9 Armour
 + Level 2.5 Dodging
 + Level 4.9 Shields
 * Level 3.4 Invocations


You had 6 spell levels left.
You didn't know any spells.
Your spell library was empty.

Dungeon Overview and Level Annotations

Branches:
Dungeon (6/15)
 Temple: D:4-7

Altars:
Dithmenos
Elyvilon
Qazlal
Yredelemnul

Shops:
D:4 (?(:=

Annotations:
D:5 3 runed translucent doors, Sin92's ghost, novice DsFi


Innate Abilities, Weirdness & Mutations

You have a pair of horns on your head.
You reflexively headbutt those who attack you in melee.


Message History

(D) Dungeon
Where to? (Enter - D:5, ? - help)
There is a stone staircase leading up here.
You climb upwards.
There is a stone staircase leading down here.
There is a stone staircase leading down here.
You climb downwards.
There is a stone staircase leading up here.
Unknown command.
Unknown command.
Found a stone.
Found a runed translucent gate.
Found 6 large rocks.
You now have 86 gold pieces (gained 8).
A two-headed ogre comes into view.
It is wielding a +0 giant club and a +0 dire flail.
The two-headed ogre shouts in stereo!
An adder comes into view.
There are monsters nearby!
There are monsters nearby!
There are monsters nearby!
The adder hisses angrily.
The two-headed ogre hits you but does no damage.
The two-headed ogre hits you with a +0 dire flail!
Found a stone staircase leading down.
You hit the two-headed ogre but do no damage.
The two-headed ogre is poisoned.
You block the two-headed ogre's attack. x2
You slash the two-headed ogre!
The two-headed ogre looks as sick as possible!
The two-headed ogre is lightly wounded.
The two-headed ogre hits you with a +0 giant club!
The two-headed ogre hits you but does no damage.
You slash the two-headed ogre!
The two-headed ogre looks as sick as possible!
The two-headed ogre is moderately wounded.
The two-headed ogre hits you with a +0 giant club!!
Ouch! That really hurt!
* * * LOW HITPOINT WARNING * * *
The two-headed ogre hits you with a +0 dire flail!
You die...
Your body rises from the dead as a mindless zombie.

#...# #.#
#...# ###.#
###...###...#
+...8...+..##
#.....##..#
#...##..##
#S##..##
#O#..##
#@..## #####


You could see a two-headed ogre (extremely poisoned) and an adder.

Vanquished Creatures
  A sky beast (D:6)
  An ice beast (D:3)
  A water moccasin skeleton (D:5)
  A bullfrog zombie (D:4)
  An orc priest (D:3)
  Terence (D:3)
  3 iguanas
  2 orc wizards (D:4)
  A hound skeleton (D:4)
  A howler monkey zombie (D:5)
  3 adders
  An adder skeleton (D:5)
  3 worms
  A dart slug (D:1)
  10 orcs
  3 ball pythons
  5 endoplasms
  2 giant cockroaches (D:2)
  6 goblins
  8 hobgoblins
  2 jackals (D:4)
  9 kobolds
  A quokka (D:1)
  5 bats
  3 frilled lizards
  A rat (D:2)
76 creatures vanquished.

Notes
Turn   | Place    | Note
-------+----------+-------------------------------------------
     0 | D:1      | pkoi the Minotaur Fighter began the quest for the Orb.
     0 | D:1      | Reached XP level 1. HP: 19/19 MP: 0/0
   287 | D:1      | Reached XP level 2. HP: 27/27 MP: 1/1
   429 | D:1      | Found a faded altar of an unknown god.
   443 | D:1      | Became a worshipper of Yredelemnul the Dark
   443 | D:1      | Reached * piety under Yredelemnul
   565 | D:1      | Reached skill level 3 in Long Blades
  1300 | D:2      | Found a stormy altar of Qazlal.
  1331 | D:2      | Reached XP level 3. HP: 27/33 MP: 2/2
  1633 | D:3      | Reached skill level 1 in Dodging
  1680 | D:3      | Reached skill level 1 in Invocations
  1707 | D:3      | You fall into a shaft and drop 3 floors!
  1711 | D:6      | Noticed a sky beast
  1725 | D:6      | Killed a sky beast
  1726 | D:6      | Reached XP level 4. HP: 10/40 MP: 2/4
  1726 | D:6      | Reached XP level 5. HP: 11/46 MP: 2/5
  1985 | D:5      | Entered Level 5 of the Dungeon
  1992 | D:5      | Reached skill level 4 in Long Blades
  2307 | D:3      | Found a white marble altar of Elyvilon.
  2535 | D:3      | Reached XP level 6. HP: 50/52 MP: 6/6
  2630 | D:3      | Noticed Terence
  2635 | D:3      | Killed Terence
  3044 | D:3      | Found a stormy altar of Qazlal.
  3174 | D:4      | Reached ** piety under Yredelemnul
  3215 | D:4      | Found a shadowy altar of Dithmenos.
  3223 | D:4      | Found Nynoumea's Weapon Shoppe.
  3346 | D:4      | Found Oleij's Magic Scroll Shoppe.
  3354 | D:4      | Bought a scroll of teleportation for 36 gold pieces
  3354 | D:4      | Bought a scroll of blinking for 90 gold pieces
  3443 | D:4      | Noticed an ice beast
  3661 | D:3      | Killed an ice beast
  3662 | D:3      | Reached skill level 5 in Long Blades
  3823 | D:3      | Reached XP level 7. HP: 22/60 MP: 8/8
  4157 | D:4      | Found Golios's Antique Weapon Shoppe.
  4261 | D:4      | Found Attutzy's Jewellery Emporium.
  4281 | D:4      | Found Tegraulo's Book Boutique.
  4832 | D:5      | Found a runed translucent gate.
  4833 | D:5      | Found a runed translucent gate.
  4834 | D:5      | Found a runed translucent gate.
  4836 | D:5      | Noticed Sin92's ghost (novice DsFi)
  4924 | D:5      | Noticed a two-headed ogre
  4931 | D:5      | Mangled by a two-headed ogre

Illustrated notes

Levels and vault maps discovered:
D:1:      dpeg_arrival_tiny_d, layout_loops_ring, basic_ecumenical_altar
D:2:      layout_basic, basic_altar, st_stairs_6, minivault_19,
          serial_bayou_pond_e
D:3:      layout_basic, mainiacjoe_overflow_tiny_flanked,
          mainiacjoe_overflow_cross_hatched, minmay_misc_feat_tiny, uniq_terence
D:4:      layout_cave_pools, grunt_dithmenos_smoke, serial_shops, shop,
          kennysheep_mini_moat, shop, shop_statue, nicolae_shop_statue_plus,
          minmay_goblin_kobold_house
D:5:      layout_basic, nemelex_dance_club_becter,
          minmay_temple_entry_antechambers, ebering_ghost_rock_garden,
          grunt_ministairs_14, uniq_sigmund
D:6:      layout_loops_ring, gammafunk_ghost_abyssal_escape, uniq_maggie,
          uniq_eustachio

Skill      XL: |  1  2  3  4  5  6 |
---------------+-------------------+-----
Long Blades    | 3 4 5 |  5.2
Armour         | 4 |  4.9
Dodging        | 1 2 |  2.5
Invocations    | 1 2 3 |  3.4
Fighting       | 4 |  4.8
Shields        | 4 |  4.9

Action                   |  1- 3 |  4- 6 |  7- 9 || total
-------------------------+-------+-------+-------++-------
Melee: Long sword        |    62 |   107 |    26 ||   195
       Headbutt          |    10 |    30 |     2 ||    42
  Use: Scroll            |       |     9 |       ||     9
Armor: Scale mail        |    25 |    30 |    11 ||    66
Dodge: Dodged            |    13 |    32 |     7 ||    52
Block: Kite shield       |    28 |    54 |    11 ||    93
       Rpst.: Long sword |     1 |     6 |       ||     7
